 Dungeon Crawl Stone Soup version 0.23.1-37-gaa34b87 (webtiles) character file.

Game seed: 9588563941937948812

582 Fang the Skirmisher (level 7, -2/44 HPs)
             Began as a Gargoyle Berserker on Mar 27, 2019.
             Was a Priest of Trog.
             Splashed by an orc wizard's acid (10 damage)
             ... on level 4 of the Dungeon.
             The game lasted 00:04:36 (3051 turns).

Fang the Skirmisher (Gargoyle Berserker)            Turns: 3051, Time: 00:04:36

Health: -2/44      AC: 10    Str: 22    XL:     7   Next: 36%
Magic:  7/7        EV:  8    Int:  8    God:    Trog [***...]
Gold:   136        SH:  0    Dex:  9    Spells: 6/6 levels left

rFire    . . .     SeeInvis .   o - +0 war axe
rCold    . . .     Gourm    .   (no shield)
rNeg     + . .     Faith    .   m - +0 chain mail
rPois    ∞         Spirit   .   (no helmet)
rElec    +         Reflect  .   (no cloak)
rCorr    .         Harm     .   (no gloves)
MR       .....                  (no boots)
Stlth    ..........             (no amulet)
HPRegen  0.14/turn              (no ring)
MPRegen  0.10/turn              (no ring)

@: corroded, drained
A: negative energy resistance 1, electricity resistance, unbreathing,
petrification resistance, rot immunity, AC +4
a: Berserk, Trog's Hand, Renounce Religion


You were on level 4 of the Dungeon.
You worshipped Trog.
Trog was most pleased with you.
You were not hungry.

You visited 1 branch of the dungeon, and saw 4 of its levels.

You collected 136 gold pieces.

Inventory:

Hand Weapons
 o - a +0 war axe (weapon)
Armour
 m - a +0 chain mail (worn)
Scrolls
 d - 3 scrolls of teleportation {unknown}
 f - 2 scrolls of remove curse {unknown}
 i - a scroll of amnesia {unknown}
 j - 2 scrolls of fog {unknown}
 l - a scroll of identify {unknown}
Potions
 a - a potion of berserk rage {unknown}
 e - 3 potions of heal wounds {unknown}
 g - 2 potions of curing {unknown}
 h - 2 potions of agility {unknown}
 k - 2 potions of mutation {unknown}
 n - a potion of ambrosia {unknown}
 p - a potion of flight {unknown}
 q - a potion of might {unknown}
Comestibles
 b - 6 chunks of flesh
 c - 3 rations


   Skills:
 + Level 5.3(4.4) Fighting
 + Level 4.3(3.4) Axes
 + Level 4.6(3.7) Armour
 + Level 3.4(2.5) Dodging


You had 6 spell levels left.
You didn't know any spells.
Your spell library was empty.

Dungeon Overview and Level Annotations

Branches:
Dungeon (4/15)
 Temple: D:4-7

Altars:

Annotations:
D:4 3 runed translucent doors, DonnieDarkness's ghost, novice FoFi


Innate Abilities, Weirdness & Mutations

You are resistant to torment.
Your stone body is resilient. (AC +4)
You are immune to poison.
You resist negative energy. (rN+)
You are resistant to electric shocks. (rElec)
You can survive without breathing.
You are immune to petrification.
You are immune to rotting.


Message History

You barely miss the orc wizard.
The hound bites you but does no damage. x2
The orc wizard hits you but does no damage.
You hit the hound.
The hound is almost dead.
Your chain mail prevents you from hitting the orc wizard.
The hound barely misses you.
The orc wizard points at you and mumbles some strange words.
You resist with some effort. The hound closely misses you.
You slash the hound!
You kill the hound!
Trog accepts your kill.
You hit the orc wizard but do no damage.
The orc wizard closely misses you.
The orc wizard zaps a wand.
The bolt of acid hits you! The acid corrodes you!
You are splashed with acid!
You see here a hound corpse.
The orc wizard zaps a wand.
The bolt of acid misses you.
The orc wizard zaps a wand.
The bolt of acid hits you!
* * * LOW HITPOINT WARNING * * *
You are splashed with acid!
You die...

..<# #..######
#.###.########.###.###
#......$)............#
#####.########÷###.#.#
#†# #.# #.#.# #o#
#.###.#.# #.#
######........ #.#
#.......##...# #@#
#.#####.##...# #.#
#.##.... ... #.###..#
##.## #.# #..# #.# #.#
#..# ... ..# #..# ..#
### #... ### ##.# #.#


You could see an orc wizard.

Vanquished Creatures
  Sigmund (D:2)
  An ogre (D:4)
  A crimson imp (D:3)
  2 hounds (D:4)
  An orc wizard (D:3)
  Terence (D:2)
  A worker ant (D:4)
  9 adders
  3 oozes
  A worm (D:2)
  2 leopard geckos (D:2)
  10 orcs
  5 bats
  6 giant cockroaches
  6 goblins
  5 hobgoblins
  8 jackals (D:1)
  10 kobolds
  2 quokkas
  4 frilled lizards
  8 rats
87 creatures vanquished.

Notes
Turn   | Place    | Note
-------+----------+-------------------------------------------
     0 | D:1      | Fang the Gargoyle Berserker began the quest for the Orb.
     0 | D:1      | Reached XP level 1. HP: 14/14 MP: 1/1
   376 | D:1      | Reached XP level 2. HP: 19/19 MP: 2/2
   543 | D:1      | Reached XP level 3. HP: 14/23 MP: 3/3
   843 | D:1      | Reached ** piety under Trog
  1115 | D:2      | Reached XP level 4. HP: 23/29 MP: 4/4
  1176 | D:2      | Reached skill level 4 in Fighting
  1348 | D:2      | Noticed Terence
  1360 | D:2      | Killed Terence
  1576 | D:2      | Reached XP level 5. HP: 32/33 MP: 5/5
  1795 | D:2      | Noticed Sigmund
  1820 | D:2      | Killed Sigmund
  1820 | D:2      | Reached XP level 6. HP: 39/39 MP: 6/6
  2205 | D:3      | Reached *** piety under Trog
  2352 | D:3      | Reached skill level 5 in Fighting
  2647 | D:4      | Reached XP level 7. HP: 32/44 MP: 7/7
  2881 | D:4      | Found a runed translucent gate.
  2998 | D:4      | Found a runed translucent gate.
  3000 | D:4      | Found a runed translucent gate.
  3001 | D:4      | Noticed DonnieDarkness's ghost (novice FoFi)
  3051 | D:4      | Splashed by an orc wizard's acid

Skill      XL: |  1  2  3  4  5  6 |
---------------+-------------------+-----
Axes           | 3 4 |  4.3
Dodging        | 2 3 |  3.4
Armour         | 3 4 |  4.6
Fighting       | 4 5 |  5.3

Action                   |  1- 3 |  4- 6 |  7- 9 || total
-------------------------+-------+-------+-------++-------
Melee: Hand axe          |   124 |   115 |       ||   239
       War axe           |       |    77 |    53 ||   130
Invok: Berserk           |       |     2 |     1 ||     3
 Stab: Sleeping          |     1 |       |       ||     1
  Eat: Chunk             |     1 |     7 |     2 ||    10
Armor: Animal skin       |    42 |    23 |       ||    65
       Chain mail        |       |    83 |    51 ||   134
Dodge: Dodged            |    95 |   117 |    35 ||   247
